 Dungeon Sprint DCSS version 0.29.1-2-gbd0b4ee654 (webtiles) character file.

Game seed: 16664811529016256828

8590 concon the Reanimator (level 11, -6/87 HPs)
             Began as a Demonspawn Necromancer on Nov 26, 2022.
             Was the Champion of Sif Muna.
             Mangled by a white draconian
             ... wielding a +0 halberd
              (25 damage)
             ... in the Dungeon (Sprint V: "Ziggurat Sprint").
             The game lasted 00:09:23 (1026 turns).

concon the Reanimator (Demonspawn Necromancer)      Turns: 1026, Time: 00:09:26

Health: -6/87      AC: -2    Str:  8    XL:     11   Next: 11%
Magic:  26/31      EV: 18    Int: 26    God:    Sif Muna [******]
Gold:   0          SH:  0    Dex: 23    Spells: 11/31 levels left

rFire   . . .      SeeInvis .   B - +6 Majin-Bo {vamp, MP+6 Int+6}
rCold   . . .      Faith    .   (shield currently unavailable)
rNeg    . . .      Spirit   .   a - +0 robe
rPois   .          Reflect  .   (no helmet)
rElec   .          Harm     .   (no cloak)
rCorr   .          Rampage  .   (no gloves)
Will    .....      NoTele   +   (no boots)
Stlth   +++.......              (no amulet)
HPRegen 0.24/turn               u - +6 ring of dexterity
MPRegen 0.22/turn               k - +4 ring of protection

@: corroded
A: claws 1, ignite blood 2, spiny 2, big brain 1
a: Renounce Religion, Channel Magic, Forget Spell, Divine Exegesis


You were in the Dungeon.
You worshipped Sif Muna.
Sif Muna was exalted by your worship.
You visited 1 branch

Inventory:

Hand Weapons
 B - the +6 Majin-Bo (weapon) {vamp, MP+6 Int+6}
   (You found it in the Dungeon)

   It heals its wielder for a portion of the damage dealt when they wound a
   living foe with it or with a spell.
   Its wielder's spells cost health as well as magical power.
   Int:       It affects your intelligence (+6).
   MP:        It affects your magic capacity (+6).
Armour
 a - a +0 robe (worn)
Magical Staves
 G - a staff of death
Jewellery
 k - a +4 ring of protection (right claw)
 r - the ring "Jybis" {rN+ Str+7}
   (You found it in the Dungeon)

   [ring of positive energy]

   Str:       It affects your strength (+7).
   rN:        It protects you from negative energy.
 t - a ring of flight
 u - a +6 ring of dexterity (left claw)
 v - a +6 ring of dexterity
 w - a +6 ring of intelligence
 x - a +6 ring of intelligence
 y - a +6 ring of strength
 z - a +6 ring of strength
 C - a ring of wizardry
 D - a +6 ring of dexterity
 E - a ring of see invisible
 K - the ring of the Tempest {+Blink rElec rPois Stlth-}
   (You found it in the Dungeon)

   [ring of poison resistance]

   rElec:     It insulates you from electricity.
   rPois:     It protects you from poison.
   +Blink:    It lets you blink.
   Stlth:     It makes you less stealthy.
 L - a +6 ring of strength
Wands
 q - a wand of mindburst (7)
 s - a wand of light (4)
Scrolls
 m - 4 scrolls of amnesia
 n - 7 scrolls of butterflies
 o - 5 scrolls of identify
 p - a scroll of fear
 H - 2 scrolls of brand weapon
Potions
 b - 8 potions of magic
 c - 9 potions of curing
 d - 6 potions of heal wounds
 e - 6 potions of haste
 f - 3 potions of berserk rage
 h - 2 potions of brilliance
 i - 2 potions of invisibility
 j - 4 potions of resistance
 l - 5 potions of might
Miscellaneous
 A - a lightning rod (4/4) (quivered)
 F - a phantom mirror
 I - a condenser vane (inert)
 J - a tin of tremorstones (1/2)


   Skills:
 * Level 8.8 Fighting
 - Level 1.9 Staves
 * Level 8.2 Dodging
 - Level 4.7 Stealth
 + Level 10.9 Spellcasting
 * Level 2.9 Conjurations
 + Level 0.1 Hexes
 + Level 13.3 Necromancy
 * Level 7.4 Translocations
 * Level 7.3 Earth Magic
 * Level 11.5 Invocations
 + Level 10.5 Evocations


You had 11 spell levels left.
You knew the following spells:

 Your Spells              Type           Power      Damage    Failure   Level
a - Necrotise             Necr           100%       1d9       1%          1
b - Vampiric Draining     Necr           70%        2d11      1%          3
c - Orb of Destruction    Conj           14%        9d7       100%        7
d - Borgnjor's Vile Clut  Necr/Erth      30%        N/A       1%          5
e - Anguish               Hex/Necr       24%        N/A       2%          4

Your spell library contained the following spells:

 Spells                   Type           Power      Damage    Failure   Level
 Sandblast                Erth           100%       2d20      1%          1
 Passwall                 Tmut/Erth      27%        N/A       1%          2
 Stone Arrow              Conj/Erth      82%        3d12      1%          3
 Animate Dead             Necr           70%        N/A       1%          4
 Agony                    Necr           70%        N/A       1%          5
 Shock                    Conj/Air       84%        1d8       2%          1
 Portal Projectile        Hex/Tloc       66%        N/A       2%          3
 Sting                    Tmut/Pois      56%        1d5       4%          1
 Lee's Rapid Deconstruct  Erth           25%        3d15*     5%          5
 Ensorcelled Hibernation  Hex/Ice        28%        N/A       6%          2
 Poisonous Vapours        Pois/Air       28%        N/A       6%          2
 Dazzling Flash           Conj/Hex       44%        N/A       7%          3
 Corpse Rot               Necr/Pois/Air  37%        N/A       7%          4
 Mephitic Cloud           Conj/Pois/Air  19%        N/A       9%          3
 Animate Armour           Summ/Erth      66%        N/A       9%          4
 Leda's Liquefaction      Hex/Erth       16%        N/A       9%          4
 Petrify                  Tmut/Erth      33%        N/A       9%          4
 Inner Flame              Hex/Fire       14%        N/A       12%         3
 Summon Guardian Golem    Hex/Summ       14%        N/A       12%         3
 Call Canine Familiar     Summ           14%        N/A       13%         3
 Spider Form              Tmut/Pois      14%        N/A       13%         3
 Swiftness                Air            14%        N/A       13%         3
 Summon Lightning Spire   Summ/Air       14%        N/A       38%         4
 Simulacrum               Ice/Necr       24%        N/A       38%         6
 Alistair's Intoxication  Tmut/Pois      9%         N/A       75%         5
 Silence                  Hex/Air        7%         N/A       75%         5
 Summon Mana Viper        Hex/Summ       14%        N/A       75%         5
 Statue Form              Tmut/Erth      22%        N/A       80%         6
 Spellforged Servitor     Conj/Summ      10%        N/A       100%        7
 Lehudib's Crystal Spear  Conj/Erth      20%        10d6      100%        8


Dungeon Overview and Level Annotations

Branches:
Dungeon (1/1)

Altars:
Ashenzari
Cheibriados
Dithmenos
Fedhas
Gozag
Hepliaklqana
Kikubaaqudgha
Makhleb
Nemelex Xobeh
Okawaru
Qazlal
Ru
Sif Muna
Trog
Uskayaw
Vehumet
Wu Jian
Xom
Yredelemnul
Jiyva
Lugonu

Annotations:
D 1 transporter


Innate Abilities, Weirdness & Mutations

You have sharp fingernails.
Your demonic aura often causes spilled blood to erupt in flames.
You are mostly covered in sharp spines.
You have an unusually large brain. (Int +2)


Message History

Okay, then.
Casting: Vampiric Draining (safe; 1% risk of failure)
Confirm with . or Enter, or press ? or * to list all spells.
Casting: Anguish (dangerous; 2% risk of failure)
Press: ? - help, Dir - look around, f - activate
Okay, then.
Casting: Anguish (dangerous; 2% risk of failure)
Confirm with . or Enter, or press ? or * to list all spells.
Aiming: Borgnjor's Vile Clutch (dangerous; 1% risk of failure)
Press: ? - help, Shift-Dir - straight line, f - yellow draconian
Aim: a yellow draconian, wielding a +0 mace (severely wounded, catching its breath, 100% to hit)
Zombie hands grab the draconian.
Zombie hands grab the green draconian.
Zombie hands grab the draconian.
Zombie hands grab the yellow draconian.
* * * LOW HITPOINT WARNING * * *
The zombie hands constrict the draconian.
You kill the draconian!
Sif Muna accepts your kill.
You see here Sif Muna's Parchment of Blows and Bruises and the Compass {god gift}.
Sif Muna grants you a gift!
The zombie hands constrict the green draconian.
The zombie hands constrict the draconian, but do no damage.
The zombie hands constrict the yellow draconian!
The draconian is engulfed in blazing flames.
The draconian struggles to escape constriction.
The yellow draconian struggles to escape constriction.
The white draconian is engulfed in blazing flames.
The green draconian is engulfed in blazing flames.
The green draconian breathes poison at you.
The blast of poison engulfs you!
You are poisoned.
* * * LOW HITPOINT WARNING * * *
The white draconian is engulfed in blazing flames.
You feel better.
The zombie hands constrict the green draconian.
The zombie hands constrict the draconian!
The zombie hands constrict the yellow draconian!
The green draconian struggles to escape constriction.
The white draconian is engulfed in blazing flames.
The white draconian hits you from afar with a +0 halberd!!
You die...

▓...}|....▓..=)...▓
▓...).....▓.......▓
▓...).....▓.......▓
▓.........▓.......▓
▓....)....▓....†..▓
▓.▓..†..▓.▓.▓...▓.▓
▓....©....▓...©...▓
▓▓▓▓▓▓▓▓▓▓▓▓▓▓▓▓▓▓▓
▓.§§8§8@§.▓
▓.§§§§§§§.▓
▓.§§§ddd§d▓
▓.§§§§d§§.▓
▓...§§§d..▓
▓.....d...▓
▓.........▓
▓.▓.....▓.▓
▓....©....▓


You could see a black draconian, a yellow draconian (clutched), a green
draconian (catching breath, clutched), 2 draconians and 2 draconians.

Vanquished Creatures
  A dire elephant (D)
  3 vault guards (D)
  6 draconians (D)
  4 toenail golems (D)
  2 naga magi (D)
  A yaktaur (D)
  A slime creature (D)
  A yak (D)
  A naga (D)
  2 hell hounds (D)
  2 water moccasins (D)
  An ice beast (D)
  A wolf (D)
  A bullfrog (D)
  2 iron imps (D)
  3 orc priests (D)
  An orc wizard (D)
  3 adders (D)
  2 river rats (D)
  An adder skeleton (D)
  An adder simulacrum (D)
  5 jackals (D)
  A ball python skeleton (D)
46 creatures vanquished.

Vanquished Creatures (collateral kills)
  A draconian (D)
1 creature vanquished.

Grand Total: 47 creatures vanquished

Notes
Turn   | Place    | Note
-------+----------+-------------------------------------------
     0 | D        | concon the Demonspawn Necromancer began the quest for the
                  | Orb.
     0 | D        | Reached XP level 1. HP: 13/13 MP: 3/3
     0 | D        | Found a shimmering blue altar of Sif Muna.
     0 | D        | Found a sacrificial altar of Ru.
     0 | D        | Found a bloodstained altar of Trog.
     0 | D        | Found a stormy altar of Qazlal.
     0 | D        | Found an iron altar of Okawaru.
     0 | D        | Found a sparkling altar of Nemelex Xobeh.
     0 | D        | Found a blossoming altar of Fedhas.
     0 | D        | Found the +6 Majin-Bo {vamp, MP+6 Int+6}
     0 | D        | Found the +9 heavy crossbow "Sniper" {vorpal, Acc+∞ SInv}
     0 | D        | Found the +10 dark maul {vorpal}
     0 | D        | Found the +15 Maxwell's patent armour {-Cast -Tele rElec
                  | Will+ rCorr}
     0 | D        | Found the +18 shield of the Gong {rElec rN+ Will+ EV-5}
     0 | D        | Found the +14 obsidian axe {vorpal, Mesm Drain Fly SInv}
     0 | D        | Found the +7 great mace "Firestarter" {inner flame, rF++}
     0 | D        | Found the +6 shillelagh "Devastator" {shatter}
     0 | D        | Found the +11 plutonium sword {Contam Stlth-}
     0 | D        | Found the +8 lance "Wyrmbane" {slay drac, rPois rF+ rC+
                  | AC+3}
     0 | D        | Found the +9 sword of Zonguldrok {reap}
     0 | D        | Found the +13 scythe of Curses {drain, Drain}
     0 | D        | Found the +5 sword of Power {vorpal}
     0 | D        | Found the +7 mace of Variability {chain chaos}
     0 | D        | Found the +7 Singing Sword {vorpal, sonic wave}
     0 | D        | Found the +8 storm bow {elec, penet}
     2 | D        | Found a transporter.
     2 | D        | Found an ancient bone altar of Kikubaaqudgha.
     2 | D        | Found a viscous altar of Jiyva.
     2 | D        | Found a corrupted altar of Lugonu.
     2 | D        | Found a hazy altar of Hepliaklqana.
     2 | D        | Found a burning altar of Makhleb.
     2 | D        | Found an opulent altar of Gozag.
    21 | D        | Gained mutation: You are partially covered in sharp spines.
                  | [demonic ancestry]
    21 | D        | Reached XP level 2. HP: 19/19 MP: 3/10
    28 | D        | Became a worshipper of Sif Muna the Loreminder
   110 | D        | Entered arena 2.
   110 | D        | Noticed an ice beast
   110 | D        | Found a transporter.
   113 | D        | Killed an ice beast
   114 | D        | Reached skill level 6 in Necromancy
   114 | D        | Reached XP level 3. HP: 27/27 MP: 11/11
   114 | D        | Reached XP level 4. HP: 33/33 MP: 13/13
   222 | D        | Entered arena 3.
   222 | D        | Found a transporter.
   225 | D        | Reached * piety under Sif Muna
   277 | D        | Entered arena 4.
   277 | D        | Found a transporter.
   280 | D        | Reached ** piety under Sif Muna
   281 | D        | Reached skill level 8 in Necromancy
   281 | D        | Gained mutation: Your demonic aura sometimes causes spilled
                  | blood to erupt in flames. [demonic ancestry]
   281 | D        | Reached XP level 5. HP: 27/41 MP: 15/15
   391 | D        | Entered arena 5.
   391 | D        | Noticed a toenail golem
   391 | D        | Noticed a toenail golem
   391 | D        | Noticed a toenail golem
   391 | D        | Noticed a toenail golem
   391 | D        | Found a transporter.
   401 | D        | Killed a toenail golem
   402 | D        | Reached skill level 9 in Necromancy
   402 | D        | Gained mutation: Your demonic aura often causes spilled
                  | blood to erupt in flames. [demonic ancestry]
   402 | D        | Reached XP level 6. HP: 41/49 MP: 17/17
   402 | D        | Gained mutation: You have an unusually large brain. (Int
                  | +2) [demonic ancestry]
   402 | D        | Reached XP level 7. HP: 46/55 MP: 18/18
   402 | D        | Killed a toenail golem
   402 | D        | Reached *** piety under Sif Muna
   403 | D        | Reached skill level 5 in Fighting
   403 | D        | Reached skill level 5 in Dodging
   403 | D        | Reached skill level 10 in Necromancy
   403 | D        | Reached skill level 5 in Evocations
   403 | D        | Killed a toenail golem
   404 | D        | Reached skill level 11 in Necromancy
   404 | D        | Reached XP level 8. HP: 54/64 MP: 20/20
   409 | D        | Killed a toenail golem
   414 | D        | Got the ring "Jybis" {rN+ Str+7}
   423 | D        | Learned a level 3 spell: Vampiric Draining
   424 | D        | Entered arena 6.
   424 | D        | Noticed a draconian
   424 | D        | Noticed a draconian
   424 | D        | Noticed a draconian
   424 | D        | Noticed a draconian
   424 | D        | Noticed a draconian
   424 | D        | Found a transporter.
   438 | D        | Killed a draconian
   445 | D        | Killed a draconian
   445 | D        | Reached **** piety under Sif Muna
   446 | D        | Gained mutation: You have sharp fingernails. [demonic
                  | ancestry]
   446 | D        | Reached XP level 9. HP: 8/71 MP: 16/21
   446 | D        | Killed a draconian
   447 | D        | Reached skill level 12 in Necromancy
   447 | D        | Reached skill level 5 in Translocations
   447 | D        | Reached skill level 5 in Earth Magic
   448 | D        | Killed a draconian
   449 | D        | Reached skill level 1 in Staves
   452 | D        | Killed a draconian
   673 | D        | Entered arena 7.
   673 | D        | Found the +5 demon whip "Spellbinder" {antimagic, Will+}
   673 | D        | Noticed a vault guard
   673 | D        | Noticed a vault guard
   673 | D        | Noticed a vault guard
   673 | D        | Noticed a yaktaur
   673 | D        | Noticed a dire elephant
   679 | D        | Reached ***** piety under Sif Muna
   680 | D        | Killed a yaktaur
   682 | D        | Killed a vault guard
   682 | D        | Killed a vault guard
   682 | D        | Killed a vault guard
   682 | D        | Received a gift from Sif Muna
   683 | D        | Reached skill level 10 in Spellcasting
   683 | D        | Reached skill level 10 in Invocations
   683 | D        | Gained mutation: You are mostly covered in sharp spines.
                  | [demonic ancestry]
   683 | D        | Reached XP level 10. HP: 63/80 MP: 24/24
   685 | D        | Killed a dire elephant
   686 | D        | Reached skill level 10 in Evocations
   764 | D        | Got Sif Muna's Easy Sorcery {god gift}
   765 | D        | Found a transporter.
   785 | D        | Learned a level 7 spell: Orb of Destruction
   787 | D        | Got the Vellum of Stormy Hypothermia
   789 | D        | Entered arena 8.
   789 | D        | Found the +7 Spriggan's Knife {stab, EV+4 Stlth+}
   790 | D        | Found a transporter.
   802 | D        | Got the ring of the Tempest {+Blink rElec rPois Stlth-}
   834 | D        | Entered arena 9.
   835 | D        | Found a transporter.
   837 | D        | Received a gift from Sif Muna
   841 | D        | Reached skill level 1 in Conjurations
   850 | D        | Got Sif Muna's Disquisition on Spellbinding {god gift}
   856 | D        | Got Hifoxt's Tome of the Congealing Quarry
   860 | D        | Got the Enchiridion on Excavation
   867 | D        | Learned a level 5 spell: Borgnjor's Vile Clutch
   872 | D        | Learned a level 4 spell: Anguish
   875 | D        | Entered arena 10.
   875 | D        | Noticed a naga mage
   875 | D        | Noticed a naga mage
   879 | D        | Reached ****** piety under Sif Muna
   879 | D        | Received a gift from Sif Muna
   879 | D        | Killed a naga mage
   880 | D        | Reached skill level 13 in Necromancy
   882 | D        | Found a transporter.
   883 | D        | Killed a naga mage
   884 | D        | Reached XP level 11. HP: 56/87 MP: 10/25
   885 | D        | Got Lousuxen's Textbook on Lithic Poison {god gift}
   892 | D        | Got the Vellum of Terra Firma and Pollution
  1018 | D        | Entered arena 11.
  1018 | D        | Noticed a white draconian
  1018 | D        | Noticed a black draconian
  1018 | D        | Noticed a green draconian
  1018 | D        | Noticed a white draconian
  1018 | D        | Noticed a yellow draconian
  1019 | D        | Found a transporter.
  1025 | D        | Received a gift from Sif Muna
  1026 | D        | Mangled by a white draconian

Illustrated notes

Levels and vault maps discovered:
D:        sprint_v [room_start, room_1, room_2, room_3, room_4, room_5, room_6,
          room_7, room_8, room_9, room_10, room_11, room_12, room_13, room_14,
          room_15, room_16, room_17, room_18, room_19, room_20, room_21,
          room_22, room_23, room_24, room_25, room_26, room_27]

Skill      XL: |  1  2  3  4  5  6  7  8  9 10 |
---------------+-------------------------------+-----
Spellcasting   | 7 8 10 | 10.9
Fighting       | 2 3 4 5 6 8 |  8.8
Dodging        | 2 3 4 5 6 7 8 |  8.2
Stealth        | 2 3 4 |  4.7
Necromancy     | 6 8 9 11 12 13 | 13.3
Invocations    | 3 4 6 7 8 10 11 | 11.5
Evocations     | 2 3 4 5 7 9 10 | 10.5
Translocations | 2 3 4 6 7 |  7.4
Earth Magic    | 2 3 4 6 7 |  7.3
Staves         | 1 |  1.9
Conjurations   | 2 |  2.9
Hexes          | |  0.1

Action                   |  1- 3 |  4- 6 |  7- 9 | 10-12 || total
-------------------------+-------+-------+-------+-------++-------
Melee: Quarterstaff      |       |       |     4 |     2 ||     6
 Cast: Necrotise         |       |     8 |     4 |     9 ||    21
       Vampiric Draining |       |       |     4 |     7 ||    11
       Borgnjor's Vile C |       |       |       |     2 ||     2
       Anguish           |       |       |       |     1 ||     1
Evoke: Lightning rod     |     3 |     3 |    14 |     8 ||    28
       Wand              |       |     8 |     2 |       ||    10
       Phantom mirror    |       |       |     1 |       ||     1
       Condenser vane    |       |       |     1 |     1 ||     2
       Tin of tremorston |       |       |       |     1 ||     1
  Use: Potion            |     1 |       |     2 |     3 ||     6
       Scroll            |       |     2 |     2 |     1 ||     5
 Stab: Invisible         |       |       |     2 |       ||     2
Armor: Robe              |       |       |     4 |     1 ||     5
Dodge: Dodged            |       |     5 |    14 |    19 ||    38
